[Event "*** Titled Tuesday Blitz"]
[Site "Chess.com"]
[Date "2020.04.14"]
[Round "1"]
[White "TV27"]
[Black "Fighter008"]
[Result "0-1"]
[WhiteElo "2058"]
[BlackElo "2531"]
[TimeControl "180+1"]
[EndTime "10:05:14 PDT"]
[Termination "Fighter008 won by resignation"]

1. c4 g6 2. Nc3 Bg7 3. g3 e5 4.
Bg2 Nc6 5. e4 d6 6. d3 Be6 7. Nge2 h5 8. h4 Qd7 9. Be3 Nf6 10. f3 Ng8 11. Qd2 Nge7 12. O-O-O Nd4 13. Kb1 c6 14. Rhf1 b5 15. Rc1 b4 16. Nd1 a5 17. Bxd4 exd4 18. Nf4 O-O 19. Nf2 d5 20. Nxe6 Qxe6 21. Bh3 Qd6 22. c5 Qxg3 23. f4 Qe3 24.
Qc2 Qxf4 25. exd5 Nxd5 26. Ne4 Qxh4 27. Rh1 Qe7 28. Qd2 Ne3 29. Rcg1 b3 30. a3 a4 31. Ng5 Qxc5 32. Rc1 Qxg5 0-1

[Event "*** Titled Tuesday Blitz"]
[Site "Chess.com"]
[Date "2020.04.14"]
[Round "1"]
[White "KacperPolOK"]
[Black "saikrishnaReturns"]
[Result "0-1"]
[WhiteElo "2248"]
[BlackElo "2609"]
[TimeControl "180+1"]
[EndTime "10:05:16 PDT"]
[Termination "saikrishnaReturns won by resignation"]

1. e4 e5 2. Nf3 Nc6 3. Bb5 a6 4.
Ba4 d6 5. c3 f5 6. exf5 Bxf5 7.
d4 e4 8. d5 exf3 9. dxc6 b5 10. Qxf3 Bxb1 11. Rxb1 bxa4 12. O-O Nf6 13. Qf4 Be7 14.
Qxa4 O-O 15. Be3 d5 16. Rfe1 Bd6 17. h3 Qb8 18. c4 Qb4 19. Qxb4 Bxb4 20. Red1 dxc4 21.
Rbc1 Rfd8 22. Rxd8+ Rxd8 23. Rxc4 Rd1+ 24. Kh2 Bd6+ 25.
g3 Nd5 26. Bc5 Be5 27. b4 Ra1 28. a3 Rxa3 29. b5 axb5 30. Re4 Rc3 31. Bd4 Bxd4 32. Rxd4 Nf6 0-1

[Event "*** Titled Tuesday Blitz"]
[Site "Chess.com"]
[Date "2020.04.14"]
[Round "1"]
[White "MosheFriedland"]
[Black "GMSrinath"]
[Result "0-1"]
[WhiteElo "2384"]
[BlackElo "2793"]
[TimeControl "180+1"]
[EndTime "10:05:18 PDT"]
[Termination "GMSrinath won by resignation"]

1. e4 e5 2. Nf3 Nc6 3. Bc4 Nf6 4. d3 Bc5 5. c3 O-O 6. b4 Bb6 7. Bg5 d6 8. Nbd2 h6 9. Bh4 g5 10. Bg3 a5 11. b5 Ne7 12. d4 exd4 13. Nxd4 d5 14.
e5 dxc4 15. exf6 Nd5 16. Qh5 Qxf6 17. O-O Nxc3 18. N4f3 Ne2+ 19. Kh1 Nxg3+ 20. fxg3 Qg6 21. Qxg6+ fxg6 22. Nxc4 Be6 23. Nxb6 cxb6 24. h4 g4 25. Ne5 Rxf1+ 26. Rxf1 Bxa2 27. Rf6 Bb1 28. Nxg6 Kg7 0-1

[Event "*** Titled Tuesday Blitz"]
[Site "Chess.com"]
[Date "2020.04.14"]
[Round "1"]
[White "tgpgoat"]
[Black "Gubajdullin"]
[Result "0-1"]
[WhiteElo "2097"]
[BlackElo "2539"]
[TimeControl "180+1"]
[EndTime "10:05:18 PDT"]
[Termination "Gubajdullin won by resignation"]

1. e4 c6 2. d4 d5 3. exd5 cxd5 4.
Bd3 Nf6 5. Nf3 Nc6 6. Bf4 Bg4 7.
c3 Qb6 8. Qe2 Bxf3 9. gxf3 g6 10. Na3 Bg7 11. O-O-O O-O 12. h4 Nh5 13. Be3 Rac8 14.
Kb1 Qc7 15. Rdg1 a6 16. Qd2 b5 17. Bh6 Bxh6 18. Qxh6 Kh8 19. Rg5 Qf4 20. Rxh5 Qxh6 21. Rxh6 Kg7 22. h5 Kxh6 23. hxg6+ Kg7 24. Rxh7+ Kf6 25.
g7 Rg8 26. Nc2 Rxg7 27. Rh6+ Kg5 28. Rd6 0-1

[Event "*** Titled Tuesday Blitz"]
[Site "Chess.com"]
[Date "2020.04.14"]
[Round "1"]
[White "Luibov_AN"]
[Black "ChessAintFun"]
[Result "1-0"]
[WhiteElo "2180"]
[BlackElo "2544"]
[TimeControl "180+1"]
[EndTime "10:05:20 PDT"]
[Termination "Luibov_AN won by checkmate"]

1. d4 Nf6 2. Nf3 g6 3. Bg5 Ne4 4. Bh4 d5 5. Nbd2 Bg7 6. e3 c5 7. c3 Nc6 8. Bd3 Nxd2 9. Qxd2 Bg4 10. Be2 Qd7 11. h3 Bf5 12. O-O O-O 13. Bg3 Be4 14. dxc5 e5 15. Rad1 Qe7 16. b4 Rad8 17. Qc1 f5 18.
Bh4 Bf6 19. Bxf6 Qxf6 20. a3 g5 21. Nd2 f4 22. Nxe4 dxe4 23. Bc4+ Kg7 24. Qc2 Qg6 25.
Bd5 g4 26. Bxe4 Qg5 27. hxg4 Qxg4 28. Bf3 Qg5 29. Qe4 Kh8 30. Rd6 Ne7 31. Rfd1 Rde8 32.
Rd7 Nf5 33. R1d3 fxe3 34. Rxe3 Nxe3 35. Qxh7# 1-0

[Event "*** Titled Tuesday Blitz"]
[Site "Chess.com"]
[Date "2020.04.14"]
[Round "1"]
[White "mjray79"]
[Black "LizaSolovyova"]
[Result "0-1"]
[WhiteElo "2250"]
[BlackElo "2613"]
[TimeControl "180+1"]
[EndTime "10:05:21 PDT"]
[Termination "LizaSolovyova won by checkmate"]

1. d4 f5 2. c4 Nf6 3. g3 e6 4. Bg2 Be7 5. Nf3 O-O 6. O-O d6 7. Nc3 Qe8 8. Qc2 Qg6 9. e4 Nxe4 10. Nxe4 fxe4 11. Nh4 Bxh4 12. Bxe4 Qh5 13. gxh4 Qxh4 14.
Kh1 Nc6 15. Be3 e5 16. Rg1 Nxd4 17. Bxd4 exd4 18. Bd5+ Kh8 19. Rg3 Bf5 20. Qd2 Be4+ 21. Kg1 Bxd5 22. cxd5 Rae8 23. Kh1 Qe4+ 24. Kg1 Qxd5 25. Rc1 c5 26. b4 b5 27. Rg5 Rf5 28. Rg4 Ref8 29. bxc5 dxc5 30. Rf1 d3 31. Qa5 c4 32.
Qxa7 Rg5 33. Rg3 Rxg3+ 34. hxg3 d2 35. Qe7 Qd8 36. Qe2 c3 37. Qd1 Qd3 38. Kg2 c2 39. Qh5 Qxf1+ 40. Kxf1 d1=Q+ 41. Kg2 Qxh5 42. a4 Qf3+ 43. Kh3 h5 44. axb5 Qh1# 0-1

[Event "*** Titled Tuesday Blitz"]
[Site "Chess.com"]
[Date "2020.04.14"]
[Round "1"]
[White "tamarozi99"]
[Black "canwedoit"]
[Result "0-1"]
[WhiteElo "1961"]
[BlackElo "2522"]
[TimeControl "180+1"]
[EndTime "10:05:22 PDT"]
[Termination "canwedoit won by resignation"]

1. e4 c5 2. Nf3 Nc6 3. d4 cxd4 4. Nxd4 Nf6 5. Nc3 d6 6. Bg5 Bd7 7. Qd2 Rc8 8. f3 Nxd4 9. Qxd4 Qa5 10. Bxf6 gxf6 11.
Bc4 Qc5 12. Qxc5 Rxc5 13. Bb3 f5 14. O-O-O Bg7 15. Nd5 fxe4 16. fxe4 Be5 17. Kb1 Rg8 18.
g3 Rg4 19. Rhe1 h5 20. Ne3 Rxe4 21. Nc4 Rexc4 22. Bxc4 Rxc4 23. Rd5 Bf5 24. Re2 f6 25. b3 Rc6 26. a4 Kf7 27. Kc1 Rc3 28. Rf2 Be6 29.
Rb5 b6 30. a5 Bd4 31. Rd2 Be3 32. axb6 axb6 33. Rxb6 Bxb6 0-1

[Event "*** Titled Tuesday Blitz"]
[Site "Chess.com"]
[Date "2020.04.14"]
[Round "1"]
[White "hakki1"]
[Black "Blitzstream"]
[Result "1-0"]
[WhiteElo "2387"]
[BlackElo "2701"]
[TimeControl "180+1"]
[EndTime "10:05:23 PDT"]
[Termination "hakki1 won by checkmate"]

1. d4 d5 2. c4 c6 3. Nc3 Nf6 4. cxd5 cxd5 5. Bf4 Nc6 6. e3 e6 7. Bd3 Bd6 8. Bg3 O-O 9. Nf3 g6 10. O-O Bxg3 11. hxg3 Bd7 12. Rc1 Rc8 13. Na4 Nb4 14. Rxc8 Qxc8 15. Bb1 Bb5 16. Re1 b6 17. a3 Nc6 18. Nc3 Bc4 19. Ne5 Nxe5 20. dxe5 Nd7 21. Qd4 Qc7 22. e4 dxe4 23. Nxe4 Bd5 24. Nf6+ Nxf6 25.
exf6 Kh8 26. Qe3 Qc6 27. Qh6 Rg8 28. Re5 g5 29. Qxh7# 1-0

[Event "*** Titled Tuesday Blitz"]
[Site "Chess.com"]
[Date "2020.04.14"]
[Round "1"]
[White "claudyna16"]
[Black "Bastiandash"]
[Result "1-0"]
[WhiteElo "2527"]
[BlackElo "2051"]
[TimeControl "180+1"]
[EndTime "10:05:24 PDT"]
[Termination "claudyna16 won by checkmate"]

1. c4 Nf6 2. g3 e6 3. Bg2 d5 4. Nf3 Be7 5. O-O O-O 6. b3 b6 7. Bb2 Bb7 8. d4 dxc4 9. bxc4 Nbd7 10. Nc3 a6 11. Qc2 Qc8 12. e4 Bb4 13. e5 Bxc3 14.
exf6 Bxb2 15. fxg7 Bxa1 16. gxf8=Q+ Nxf8 17. Rxa1 Ng6 18. Rd1 Qd8 19. h4 Rc8 20. h5 Nf8 21. d5 exd5 22.
cxd5 Bxd5 23. Nh4 c6 24. Nf5 Qd7 25. Bxd5 cxd5 26. Qxc8 Qa4 27. Rf1 Qe4 28. Nd6 Qe7 29. Qg4+ Kh8 30. Nf5 Qf6 31. Re1 Ne6 32. Rc1 Qd8 33. Nh6 Qd7 34. Qg8# 1-0

[Event "*** Titled Tuesday Blitz"]
[Site "Chess.com"]
[Date "2020.04.14"]
[Round "1"]
[White "aakankshachess"]
[Black "mrkvoz"]
[Result "1-0"]
[WhiteElo "2436"]
[BlackElo "2787"]
[TimeControl "180+1"]
[EndTime "10:05:25 PDT"]
[Termination "aakankshachess won by resignation"]

1. e4 d6 2. d4 Nf6 3. Nc3 e5 4. dxe5 dxe5 5. Qxd8+ Kxd8 6. Nf3 Bd6 7. Bc4 Ke7 8. Bg5 c6 9. O-O-O Bc7 10. a3 h6 11. Bh4 Bg4 12. h3 Bxf3 13. gxf3 g5 14. Bg3 Nbd7 15. h4 Nc5 16. Rd2 Ne6 17. Nd1 b5 18.
Ba2 Rad8 19. Rxd8 Rxd8 20. c3 Nf4 21. Ne3 Ne2+ 22. Kc2 Nxg3 23. fxg3 gxh4 24. Rxh4 h5 25. Nf5+ Kf8 26. g4 hxg4 27. Rh8+ Ng8 28. fxg4 Rd6 29. g5 Rg6 30. Rh7 Bb6 31. Rxf7+ Ke8 32. Ng7+ Kd8 33.
Rf8+ Ke7 34. Rxg8 Rxg5 35. Nf5+ Kf6 36. Rxg5 Kxg5 37. Ne7 Kf4 38. Kd3 c5 39. Nd5+ 1-0

[Event "*** Titled Tuesday Blitz"]
[Site "Chess.com"]
[Date "2020.04.14"]
[Round "1"]
[White "Chess2019Player"]
[Black "AlexVanGog"]
[Result "0-1"]
[WhiteElo "2188"]
[BlackElo "2589"]
[TimeControl "180+1"]
[EndTime "10:05:25 PDT"]
[Termination "AlexVanGog won by resignation"]

1. e4 c5 2. Nf3 e6 3. c3 d5 4.
exd5 Qxd5 5. d4 cxd4 6. Qxd4 Qxd4 7.
Nxd4 a6 8. Be2 e5 9. Nb3 Nc6 10. Be3 Nf6 11. N1d2 Nd5 12. Bc5 Nf4 13. g3 Nxe2 14.
Kxe2 Bxc5 15. Nxc5 b6 16. Nce4 Ke7 17. Rad1 Be6 18. b3 h6 19. Nf3 Rad8 20. Ke3 f5 21.
Ned2 g5 22. Ke2 e4 23. Ne1 Ne5 24. Nc2 Bf7 25. Nd4 Bh5+ 26. f3 exf3+ 27. N2xf3 Rxd4 28. cxd4 Bxf3+ 29. Kd2 Bxh1 0-1

[Event "*** Titled Tuesday Blitz"]
[Site "Chess.com"]
[Date "2020.04.14"]
[Round "1"]
[White "Orest_Vovk"]
[Black "Tesla37"]
[Result "0-1"]
[WhiteElo "2472"]
[BlackElo "2881"]
[TimeControl "180+1"]
[EndTime "10:05:26 PDT"]
[Termination "Tesla37 won by resignation"]

1. g4 d5 2. Bg2 c6 3. h3 h5 4. g5 e5 5. d4 exd4 6. Qxd4 Na6 7. Qe5+ Be6 8. g6 Nf6 9. Nf3 Bd6 10.
gxf7+ Kd7 11. Qg5 Bxf7 12. Qxg7 Rh7 13. Qg5 Qe7 14. Bf4 Rg8 15. Bxd6 Qxd6 16. Qf5+ Kc7 17.
Kf1 Rhg7 18. Ne5 Be8 19. Ng4 hxg4 20. hxg4 Bd7 21. Qd3 Nxg4 22. Bf3 Ne5 23. Qb3 Bh3+ 24. Ke1 Rg1+ 25. Rxg1 Rxg1+ 26. Kd2 Nc4+ 27. Kd3 Nc5+ 0-1

[Event "*** Titled Tuesday Blitz"]
[Site "Chess.com"]
[Date "2020.04.14"]
[Round "1"]
[White "algatar2020"]
[Black "Superfelix"]
[Result "0-1"]
[WhiteElo "1866"]
[BlackElo "2519"]
[TimeControl "180+1"]
[EndTime "10:05:27 PDT"]
[Termination "Superfelix won by resignation"]

1. d4 Nf6 2. f4 d5 3. Nf3 c6 4.
e3 Ne4 5. Nbd2 Nd6 6. Bd3 Bf5 7. Qe2 e6 8. c3 Bxd3 9. Qxd3 f5 10. b4 Nd7 11. a4 a5 12. b5 c5 13. c4 cxd4 14.
Nxd4 Nc5 15. Qc2 Nde4 16. O-O Be7 17. Nxe4 dxe4 18. Ba3 Qb6 19. Rfd1 O-O 20. Nb3 Rac8 21. Nxc5 Bxc5 22. Bxc5 Qxc5 23. Rd4 Rfd8 24. Rad1 Rxd4 25.
Rxd4 Qb4 26. Kf2 h6 27. c5 Rxc5 28. Qd1 Qb2+ 29. Rd2 Qf6 30. Rd8+ Kh7 31. Qh5 Rc2+ 32. Kg3 Qxd8 0-1

[Event "*** Titled Tuesday Blitz"]
[Site "Chess.com"]
[Date "2020.04.14"]
[Round "1"]
[White "garicradomir"]
[Black "vizumatv4hoda"]
[Result "0-1"]
[WhiteElo "2384"]
[BlackElo "2740"]
[TimeControl "180+1"]
[EndTime "10:05:28 PDT"]
[Termination "vizumatv4hoda won by resignation"]

1. e4 c5 2. Nf3 g6 3. c3 Bg7 4.
Bc4 e6 5. O-O Ne7 6. d4 cxd4 7. Nxd4 d5 8. exd5 exd5 9. Bb5+ Bd7 10. Bg5 O-O 11. Re1 Re8 12. Nd2 Nbc6 13. N2f3 Qc7 14.
Bxe7 Rxe7 15. Rxe7 Nxe7 16. Bxd7 Qxd7 17. Qb3 Nc6 18.
Re1 Nxd4 19. Nxd4 Bxd4 20. cxd4 Re8 21. Rxe8+ Qxe8 22. Qe3 Qxe3 23. fxe3 Kg7 24. Kf2 Kf6 25. Kf3 h5 26. e4 Ke6 27. e5 g5 28. h4 gxh4 29. Ke3 Kf5 30. Kf3 Kg5 0-1

[Event "*** Titled Tuesday Blitz"]
[Site "Chess.com"]
[Date "2020.04.14"]
[Round "1"]
[White "Sven_Tica"]
[Black "misha_chessone"]
[Result "1-0"]
[WhiteElo "2665"]
[BlackElo "2315"]
[TimeControl "180+1"]
[EndTime "10:05:28 PDT"]
[Termination "Sven_Tica won by resignation"]

1. d4 d5 2. c3 Nf6 3. Nf3 Bf5 4. Bf4 c6 5. e3 e6 6. Bd3 Bxd3 7. Qxd3 Be7 8. Nbd2 O-O 9. O-O Nbd7 10. e4 dxe4 11.
Nxe4 Nxe4 12. Qxe4 Nf6 13. Qe2 c5 14. Rfd1 cxd4 15.
Nxd4 Qb6 16. Rd2 Rfd8 17. Rad1 Rd5 18. Be3 Qd6 19. c4 Rh5 20. Nf3 Qb4 21. h3 h6 22.
Bd4 Qa5 23. Bc3 Qxa2 24. Ne5 Qa4 25. Nxf7 Rf5 26. Qxe6 1-0

[Event "*** Titled Tuesday Blitz"]
[Site "Chess.com"]
[Date "2020.04.14"]
[Round "1"]
[White "ristingho"]
[Black "exoticprincess"]
[Result "1-0"]
[WhiteElo "2467"]
[BlackElo "2762"]
[TimeControl "180+1"]
[EndTime "10:05:30 PDT"]
[Termination "ristingho won by resignation"]

1. d4 Nf6 2. c4 c6 3. Nc3 d5 4.
e3 g6 5. Nf3 Bg7 6. Be2 O-O 7.
O-O Na6 8. Ne5 Nc7 9. b3 Nd7 10.
f4 f6 11. Nxd7 Bxd7 12. cxd5 cxd5 13. Ba3 Re8 14. Bf3 Bc6 15. Qd2 e5 16. Rfe1 e4 17. Be2 f5 18. Rac1 Rc8 19. Rc2 Ne6 20. Rec1 g5 21.
fxg5 f4 22. Bg4 fxe3 23. Bxe6+ Rxe6 24. Qxe3 h6 25. Qh3 Bxd4+ 26. Kh1 Rg6 27. Nxd5 Rg7 28. Ne7+ Rxe7 29. Bxe7 Qe8 30. gxh6 Rc7 31. Qg3+ Kh7 32. Qxc7 Qf7 33. Bd6 Qxc7 34. Bxc7 e3 35. Bg3 1-0

[Event "*** Titled Tuesday Blitz"]
[Site "Chess.com"]
[Date "2020.04.14"]
[Round "1"]
[White "LogoCzar"]
[Black "GMAkobianSTL"]
[Result "1-0"]
[WhiteElo "2446"]
[BlackElo "2778"]
[TimeControl "180+1"]
[EndTime "10:05:30 PDT"]
[Termination "LogoCzar won by resignation"]

1. e4 d6 2. d4 Nf6 3. Nc3 c6 4. f4 Qa5 5. Bd3 e5 6. Nf3 exd4 7. Nxd4 Qb6 8. Nb3 a5 9. a4 Na6 10. Qe2 Nb4 11. Be3 Nxd3+ 12. Qxd3 Qa6 13. Nb5 Kd8 14. Nc5 cxb5 15. Nxa6 bxa6 16. e5 Nd7 17. exd6 b4 18. O-O-O Bb7 19. Rhe1 Rc8 20. Qe2 Bc6 21. Bf2 Nf6 22.
Bb6+ Kd7 23. Qxa6 Ra8 24. Qc4 1-0

[Event "*** Titled Tuesday Blitz"]
[Site "Chess.com"]
[Date "2020.04.14"]
[Round "1"]
[White "Revnov"]
[Black "blazingbanana"]
[Result "1-0"]
[WhiteElo "2779"]
[BlackElo "2406"]
[TimeControl "180+1"]
[EndTime "10:05:30 PDT"]
[Termination "Revnov won by resignation"]

1. e4 c5 2. Nf3 d6 3. d4 cxd4 4. Nxd4 Nf6 5. Nc3 a6 6. Be2 e6 7.
O-O Be7 8. f4 O-O 9. Bf3 Qc7 10.
a4 Nc6 11. Nb3 b6 12. Be3 Bb7 13. Qd2 Rac8 14. Qf2 Nd7 15. Rad1 Nc5 16. Nd4 Nxd4 17. Bxd4 e5 18. Be3 Rfd8 19. Rd2 d5 20. fxe5 Qxe5 21.
Bg4 Bf6 22. Bxc8 Rxc8 23. Bd4 Qg5 24. Bxf6 gxf6 25. exd5 b5 26. axb5 axb5 27. Rd4 Nd7 28. Ne4 Qe5 29. Nxf6+ Nxf6 30. Qxf6 Qxf6 31. Rxf6 Rxc2 32.
d6 Rxg2+ 33. Kf1 Rxh2 34. d7 Kg7 35. d8=Q 1-0

[Event "*** Titled Tuesday Blitz"]
[Site "Chess.com"]
[Date "2020.04.14"]
[Round "1"]
[White "Funkmaus"]
[Black "Pavlov_Sergey"]
[Result "0-1"]
[WhiteElo "2189"]
[BlackElo "2576"]
[TimeControl "180+1"]
[EndTime "10:05:30 PDT"]
[Termination "Pavlov_Sergey won on time"]

1. d4 Nf6 2. Nf3 e6 3. g3 c5 4. Bg2 cxd4 5. Nxd4 d5 6. O-O e5 7. Nb3 Be6 8. c3 Be7 9. N1d2 Nc6 10. e4 O-O 11. exd5 Bxd5 12. Nf3 a5 13. Be3 a4 14. Nc5 b5 15. h3 Bc4 16. Re1 Nd5 17. Qc1 f5 18. Bg5 e4 19. Ne6 Qd6 20. Nxf8 exf3 0-1

[Event "*** Titled Tuesday Blitz"]
[Site "Chess.com"]
[Date "2020.04.14"]
[Round "1"]
[White "Zkid"]
[Black "littleozy"]
[Result "1-0"]
[WhiteElo "2830"]
[BlackElo "2439"]
[TimeControl "180+1"]
[EndTime "10:05:33 PDT"]
[Termination "Zkid won by resignation"]

1. e4 c6 2. d4 d5 3. exd5 cxd5 4. Bd3 Nc6 5. c3 Nf6 6. Bf4 g6 7. Nf3 Bg7 8. O-O Bf5 9. Be2 O-O 10. h3 Rc8 11. Nbd2 Ne4 12. Re1 Re8 13. Nf1 e5 14.
dxe5 Nxe5 15. Nxe5 Bxe5 16. Bxe5 Rxe5 17. Qd4 Qe7 18.
Ne3 Qh4 19. Qxe5 Qxf2+ 20. Kh2 Qxe3 21. Bg4 Qg5 22. Bxf5 Qxf5 23. Qxf5 gxf5 24. Rad1 Rd8 25. Rf1 1-0

[Event "*** Titled Tuesday Blitz"]
[Site "Chess.com"]
[Date "2020.04.14"]
[Round "1"]
[White "AlexOstrovskiy"]
[Black "Zmof"]
[Result "1-0"]
[WhiteElo "2642"]
[BlackElo "2298"]
[TimeControl "180+1"]
[EndTime "10:05:33 PDT"]
[Termination "AlexOstrovskiy won by resignation"]

1. d4 f5 2. Qd3 d5 3. Nf3 Nf6 4.
Bf4 e6 5. e3 Bd6 6. Nbd2 O-O 7.
Be2 b6 8. O-O Ba6 9. c4 Bxf4 10.
exf4 Ne4 11. Qe3 Nd7 12. Rac1 c5 13. Rfd1 Qe7 14. b3 Rad8 15. dxc5 Ndxc5 16. Nd4 Bb7 17. cxd5 Bxd5 18. Nc4 Nd7 19. f3 Nec5 20. Nb5 Nf6 21. b4 Nb7 22. a3 a6 23. Nd4 b5 24.
Ne5 Rc8 25. Ndc6 Bxc6 26. Nxc6 Qf7 27. Ne5 Nd5 28. Rxd5 1-0

[Event "*** Titled Tuesday Blitz"]
[Site "Chess.com"]
[Date "2020.04.14"]
[Round "1"]
[White "Tonychess32"]
[Black "2008king"]
[Result "1-0"]
[WhiteElo "2524"]
[BlackElo "1977"]
[TimeControl "180+1"]
[EndTime "10:05:33 PDT"]
[Termination "Tonychess32 won by resignation"]

1. e4 e5 2. Nf3 Nc6 3. Bc4 Bc5 4. d3 Nf6 5. O-O d6 6. c3 a6 7. Bb3 Ba7 8. Re1 h6 9. Nbd2 O-O 10. Nf1 Be6 11. Ng3 Qd7 12. Qe2 Ne7 13. d4 Ng6 14. Bxe6 fxe6 15. Be3 exd4 16. cxd4 Rae8 17. Rad1 Ng4 18. Bd2 Nf4 19. Bxf4 Rxf4 20. h3 Nf6 21. Qe3 e5 22. Qb3+ Kh7 23. dxe5 Ng4 24.
hxg4 Qxg4 25. Kf1 Ref8 26. Rd3 dxe5 27. Qd5 Bd4 28. Qb3 b5 29. Nf5 c5 30. Qd5 c4 31.
N3xd4 exd4 32. Rg3 Qxg3 33. Nxg3 Rxf2+ 34. Kg1 d3 35. e5 d2 36. Rd1 1-0

[Event "*** Titled Tuesday Blitz"]
[Site "Chess.com"]
[Date "2020.04.14"]
[Round "1"]
[White "Algeriano22"]
[Black "DishonorOnYourCow"]
[Result "1-0"]
[WhiteElo "2623"]
[BlackElo "2273"]
[TimeControl "180+1"]
[EndTime "10:05:34 PDT"]
[Termination "Algeriano22 won on time"]

1. e4 e5 2. Nf3 Nc6 3. Bc4 Bc5 4. O-O Nf6 5. d3 d6 6. c3 a5 7.
Bb3 h6 8. Nbd2 O-O 9. Re1 Ba7 10. Nf1 Ne7 11. Ng3 Ng6 12. h3 Be6 13. Bc2 d5 14. exd5 Nxd5 15. d4 Nh4 16. Nxe5 c5 17. Qd3 g6 18.
Bxh6 Re8 19. Qd2 cxd4 20. Bg5 dxc3 21. bxc3 Qc7 22. Bxh4 Nxc3 23. Qh6 Nd5 24. Ne4 f5 25. Qxg6+ Qg7 26. Qxg7+ Kxg7 27. Ng5 Bg8 28. Rad1 Rac8 29. Bxf5 1-0

[Event "*** Titled Tuesday Blitz"]
[Site "Chess.com"]
[Date "2020.04.14"]
[Round "1"]
[White "HarutyunianTigranK"]
[Black "fugadelafuga"]
[Result "1-0"]
[WhiteElo "2698"]
[BlackElo "2348"]
[TimeControl "180+1"]
[EndTime "10:05:35 PDT"]
[Termination "HarutyunianTigranK won by resignation"]

1. c4 c5 2. Nf3 Nc6 3. Nc3 g6 4. e3 Bg7 5. d4 cxd4 6. exd4 d6 7.
d5 Ne5 8. Nxe5 Bxe5 9. Bd3 Bg7 10. O-O Nf6 11. Re1 O-O 12. h3 a6 13. Bf4 Rb8 14.
Qd2 Re8 15. Rac1 Bd7 16. b4 b5 17. c5 dxc5 18. bxc5 Ra8 19. c6 Bc8 20. Be4 Nxe4 21.
Nxe4 Bf5 22. c7 Qc8 23. d6 exd6 24. Nxd6 Rxe1+ 25. Qxe1 Qe6 26. Qxe6 Bxe6 27. c8=Q+ Bxc8 28. Rxc8+ Rxc8 29. Nxc8 a5 30. Na7 b4 31. Nc6 Bc3 32. Nxa5 f5 33. Nb3 Kf7 34. Bd2 Ke6 35. Bxc3 bxc3 36.
Kf1 Kd5 37. Ke2 Kc4 38. Kd1 Kd3 39. Nc1+ Kc4 40. Kc2 Kb4 41. Ne2 1-0

[Event "*** Titled Tuesday Blitz"]
[Site "Chess.com"]
[Date "2020.04.14"]
[Round "1"]
[White "PavelChernomordik"]
[Black "MatthewG-p4p"]
[Result "1-0"]
[WhiteElo "2427"]
[BlackElo "2766"]
[TimeControl "180+1"]
[EndTime "10:05:36 PDT"]
[Termination "PavelChernomordik won by resignation"]

1. e4 e6 2. Nc3 d5 3. d4 Bb4 4.
Ne2 dxe4 5. a3 Bxc3+ 6. Nxc3 Nc6 7. Be3 Nge7 8. Qg4 O-O 9. Qxe4 Nf5 10. O-O-O Nxe3 11. fxe3 Ne7 12. Bd3 f5 13. Qf3 Rb8 14.
g4 c5 15. Rhg1 cxd4 16. exd4 Qxd4 17. gxf5 exf5 18. Qg3 Be6 19. Bc4 Qf6 20. Bxe6+ Kh8 21. Bb3 f4 22. Qg4 f3 23. Ne4 Qe5 24. Ng5 Qe3+ 25.
Kb1 Ng6 26. Nxh7 Qh6 27. Nxf8 1-0

[Event "*** Titled Tuesday Blitz"]
[Site "Chess.com"]
[Date "2020.04.14"]
[Round "1"]
[White "avantage_ru"]
[Black "ARMQUEEN"]
[Result "0-1"]
[WhiteElo "2526"]
[BlackElo "2244"]
[TimeControl "180+1"]
[EndTime "10:05:36 PDT"]
[Termination "ARMQUEEN won by resignation"]

1. e4 c5 2. Nf3 d6 3. d4 cxd4 4.
Nxd4 Nf6 5. Nc3 a6 6. h3 e5 7. Nf3 Nc6 8. Bc4 Be7 9. O-O h6 10. Nh4 Be6 11. Bxe6 fxe6 12. Ng6 Rg8 13. f4 Kf7 14.
Nxe7 Nxe7 15. fxe5 dxe5 16. Be3 Rf8 17. Qh5+ Kg8 18.
Qxe5 Qc8 19. Rad1 Nc6 20. Qc5 Qc7 21. Bf4 e5 22. Be3 Rac8 23. Nd5 Nxd5 24. Rxf8+ Rxf8 25. exd5 Qd7 26. c4 Ne7 27. Qa3 Nf5 28. Bf2 e4 29.
Re1 Re8 30. Qc3 Qd6 31. Bd4 Qf4 32.
Be3 Qg3 33. Bd2 e3 34. Qd3 Nh4 35. Re2 Nf3+ 36. Kf1 Nxd2+ 37. Rxd2 Rf8+ 0-1

[Event "*** Titled Tuesday Blitz"]
[Site "Chess.com"]
[Date "2020.04.14"]
[Round "1"]
[White "1g41-0"]
[Black "eljanov"]
[Result "0-1"]
[WhiteElo "2465"]
[BlackElo "2867"]
[TimeControl "180+1"]
[EndTime "10:05:37 PDT"]
[Termination "eljanov won by resignation"]

1. d4 d5 2. c4 c6 3. Nc3 Nf6 4. Nf3 a6 5. c5 Bf5 6. Bf4 Nbd7 7. e3 Nh5 8. Bg3 Nxg3 9. hxg3 h6 10. Bd3 Bxd3 11.
Qxd3 e6 12. b4 Be7 13. O-O O-O 14. a4 Bf6 15. e4 dxe4 16. Nxe4 Be7 17. Nfd2 a5 18.
Rfb1 axb4 19. Qc4 b6 20. Rxb4 bxc5 21. dxc5 Nxc5 22. Nxc5 Qxd2 23. a5 Qd5 24. Qxd5 exd5 0-1

[Event "*** Titled Tuesday Blitz"]
[Site "Chess.com"]
[Date "2020.04.14"]
[Round "1"]
[White "GukeshDommaraju"]
[Black "Irishchessman16"]
[Result "1-0"]
[WhiteElo "2705"]
[BlackElo "2356"]
[TimeControl "180+1"]
[EndTime "10:05:38 PDT"]
[Termination "GukeshDommaraju won by resignation"]

1. e4 c5 2. Nf3 Nc6 3. Bb5 g6 4. Bxc6 dxc6 5. d3 Bg7 6. h3 Qc7 7. Nbd2 e5 8. Nc4 Ne7 9. a4 Be6 10. b3 a5 11. Bb2 f6 12. O-O g5 13. Nfd2 h5 14. Re1 Ng6 15. Ne3 Qd7 16. Ndc4 Ra6 17. Nf5 Bxf5 18. exf5 Ne7 19. Qf3 Kf7 20. Bxe5 fxe5 21.
f6 Ng6 22. fxg7+ Kxg7 23. Nxe5 Nxe5 24. Rxe5 Qd8 25. Rae1 Rf8 26. Re7+ 1-0

[Event "*** Titled Tuesday Blitz"]
[Site "Chess.com"]
[Date "2020.04.14"]
[Round "1"]
[White "econpower"]
[Black "kasparicy"]
[Result "1-0"]
[WhiteElo "2659"]
[BlackElo "2310"]
[TimeControl "180+1"]
[EndTime "10:05:38 PDT"]
[Termination "econpower won by resignation"]

1. c4 e5 2. g3 Nc6 3. Bg2 f5 4. Nc3 d6 5. e3 Nf6 6. Nge2 Be7 7. O-O O-O 8. d3 Qe8 9. h3 Kh8 10. f4 Qg6 11. Nd5 Bd8 12. Kh2 Bd7 13.
b4 Nxd5 14. cxd5 Nxb4 15. Qb3 Na6 16. Qxb7 Nc5 17. Qxa8 Bb5 18. fxe5 dxe5 19. Ba3 Qb6 20. Rxf5 Re8 21. d6 cxd6 22. Qf3 Be7 23. Rf1 h6 24. Bxc5 Qxc5 25. Nc1 Bd7 26. Rf7 1-0

[Event "*** Titled Tuesday Blitz"]
[Site "Chess.com"]
[Date "2020.04.14"]
[Round "1"]
[White "CarlosAlbornoz"]
[Black "Budisavljevic"]
[Result "1-0"]
[WhiteElo "2699"]
[BlackElo "2340"]
[TimeControl "180+1"]
[EndTime "10:05:40 PDT"]
[Termination "CarlosAlbornoz won by resignation"]

1. e4 c5 2. Nf3 e6 3. d4 cxd4 4.
Nxd4 a6 5. c4 Nf6 6. Nc3 Qc7 7. a3 b6 8. Be2 Bb7 9. f3 Be7 10. O-O O-O 11. Be3 d6 12. a4 Nbd7 13. a5 bxa5 14. Nb3 Rab8 15. Nxa5 Ba8 16. Qd2 Rfc8 17.
Rfb1 Ne5 18. b4 d5 19. exd5 Bxb4 20. Rxb4 Rxb4 21. Nb5 axb5 22. Qxb4 Nxc4 23. Nxc4 Nxd5 24. Qxb5 Bc6 25. Qc5 Nc3 26. Bf1 h6 27. Nb6 1-0

[Event "*** Titled Tuesday Blitz"]
[Site "Chess.com"]
[Date "2020.04.14"]
[Round "1"]
[White "Disturbed01"]
[Black "floplover"]
[Result "1-0"]
[WhiteElo "2652"]
[BlackElo "2302"]
[TimeControl "180+1"]
[EndTime "10:05:40 PDT"]
[Termination "Disturbed01 won by resignation"]

1. d4 Nf6 2. c4 e6 3. Nc3 Bb4 4. Qc2 O-O 5. Nf3 b6 6. e4 Bb7 7. Bd3 Bxc3+ 8. bxc3 d5 9. cxd5 exd5 10. e5 Ne4 11. O-O f6 12. exf6 Qxf6 13. Ne5 Qd6 14. f3 Nf6 15. Bf4 Qd8 16. Rae1 Nc6 17. Bg5 h6 18. Bh7+ Kh8 19. Ng6+ Kxh7 20. Nxf8+ Kg8 21.
Ne6 Qe7 22. Bh4 Qf7 23. Bxf6 Qxf6 24. Nxc7 Rd8 25. Qe2 Na5 26. Qe7 Qxe7 27. Rxe7 Rc8 28. Ne6 Rxc3 29. Rxg7+ Kh8 30. Rf7 Rc6 31. Re1 Rd6 32.
Nf4 Rd8 33. Ree7 1-0